 Dungeon Crawl Stone Soup version 0.17-a0-737-gf0a300a (webtiles) character file.

74 Ngotmuk the Skirmisher (level 4, -5/42 HPs)
             Began as a Naga Fighter on Apr 21, 2015.
             Slain by a gnoll
             ... wielding a +0 spear
              (8 damage)
             ... on level 3 of the Dungeon.
             The game lasted 00:05:22 (1495 turns).

Ngotmuk the Skirmisher (Naga Fighter)               Turns: 1495, Time: 00:05:22

Health: -5/42      AC:  5    Str: 19    XL:     4   Next: 30%
Magic:  4/4        EV:  5    Int:  8    God:
Gold:   144        SH:  9    Dex: 11    Spells: 0 memorised, 3 levels left

rFire  . . .     SeeInvis +     a - +0 long sword
rCold  . . .     Clarity  .     b - +0 scale mail
rNeg   . . .     SustAb   .     c - +0 shield
rPois  +         Gourm    .     (no helmet)
rElec  .         Spirit   .     (no cloak)
rCorr  .         Warding  .     (no gloves)
rMut   .         Stasis   .     (no barding)
MR     .....                    (no amulet)
Stlth  ..........               (no ring)
                                (no ring)

@: very slow, not resistant to hostile enchantments, extremely unstealthy
A: see invisible, deformed body, poison resistance, slowness 2, slow metabolism
1, spit poison 2, AC +1
a: Spit Poison


You were on level 3 of the Dungeon.
You were not hungry.

You visited 1 branch of the dungeon, and saw 3 of its levels.

You collected 144 gold pieces.

Inventory:

Hand weapons
 a - a +0 long sword (weapon)
Armour
 b - a +0 scale mail (worn)
 c - a +0 shield (worn)
Magical devices
 r - a wand of flame (29)
Scrolls
 f - 4 scrolls of identify {unknown}
 i - a scroll of fear {unknown}
 j - 2 scrolls of fog {unknown}
 l - a scroll of recharging {unknown}
 n - a scroll of amnesia {unknown}
 p - a scroll of remove curse {unknown}
Potions
 d - a potion of might
 g - a potion of cancellation {unknown}
 h - 2 potions of heal wounds {unknown}
 k - 2 potions of restore abilities {unknown}
 q - 2 potions of haste {unknown}
 s - a potion of agility {unknown}
 t - a potion of degeneration {unknown}


   Skills:
 + Level 3.5 Fighting
 + Level 2.3 Long Blades
 + Level 2.9 Armour
 + Level 1.2 Dodging
 + Level 2.8 Shields


You had 3 spell levels left.
You didn't know any spells.

Dungeon Overview and Level Annotations

Branches:
Dungeon (3/15)

Altars:


Innate Abilities, Weirdness & Mutations

You cannot wear boots.
Your serpentine skin is tough (AC +1).
You have supernaturally acute eyesight.
Armour fits poorly on your strangely shaped body.
Your system is resistant to poisons.
You cover ground very slowly.
You have a slow metabolism.
You can spit poison.


Message History

You barely miss the kobold. You block the kobold's attack.
You hit the kobold.
You kill the kobold!
The gnoll shouts!
Things that are here:
a dagger; 24 gold pieces The gnoll shouts!
You block the gnoll's attack. x2
The gnoll throws a stone.
The stone hits you.
* * * LOW HITPOINT WARNING * * *
You see here a stone.
Read which item? (? for menu, Esc to quit)
As you read the scroll labeled CYODAU UFOPPOS, it crumbles to dust.
The creatures around you are filled with an inner flame!
It was a scroll of immolation.
You block the gnoll's attack. You block the gnoll's attack.
The gnoll throws a stone.
The stone hits you but does no damage. You block the gnoll's attack.
The gnoll hits you from afar with a spear!
You die...

........... ...........###...
...........##.....
.........).##......
...%.........+..... ..
####......)##...# #+###...
#.......##...###........
###.....(g##.....#.......
.......g.@''.....+......
........(..##.....#....###.
#...g.......##..............
#...........#...............
##.......###...............
####.......# #...............
............# #...............
............# #..........#..#.
.........######..........##.#.


You could see 3 gnolls.

Vanquished Creatures
  2 adders
  A gnoll (D:1)
  4 worms (D:2)
  3 bats (D:1)
  3 giant cockroaches
  3 goblins
  4 hobgoblins (D:2)
  3 quokkas
  3 giant newts (D:1)
  7 kobolds
  5 rats
38 creatures vanquished.

Notes
Turn   | Place    | Note
--------------------------------------------------------------
     0 | D:1      | Ngotmuk, the Naga Fighter, began the quest for the Orb.
     0 | D:1      | Reached XP level 1. HP: 21/21 MP: 1/1
   289 | D:1      | Reached XP level 2. HP: 26/28 MP: 2/2
   795 | D:2      | Reached XP level 3. HP: 24/34 MP: 3/3
  1104 | D:2      | Reached skill level 1 in Dodging
  1104 | D:2      | Reached XP level 4. HP: 38/42 MP: 4/4
  1493 | D:3      | HP: 2/42 [gnoll/stone (4)]
  1495 | D:3      | Slain by a gnoll

Action                   |  1- 3 |  4- 6 || total
-------------------------+-------+-------++-------
Melee: Long sword        |    99 |    38 ||   137
 Abil: Spit Poison       |     4 |     3 ||     7
  Use: Scroll            |       |     3 ||     3
  Eat: Bread ration      |     1 |       ||     1
